 Dungeon Crawl Stone Soup version 0.25.1-2-g60ff931df9 (webtiles) character file.

Game seed: 12485030810048303384

113517 Almogavar the Tortoise (level 16, -2/159 HPs)
             Began as a Minotaur Berserker on Sept 3, 2020.
             Was a High Priest of Trog.
             Slain by a merfolk
             ... wielding a +0 glaive
              (3 damage)
             ... on level 4 of the Shoals.
             The game lasted 01:55:21 (25835 turns).

Almogavar the Tortoise (Minotaur Berserker)        Turns: 25835, Time: 01:55:22

Health: -2/159     AC: 32    Str: 27    XL:     16   Next: 14%
Magic:  17/17      EV:  8    Int:  4    God:    Trog [*****.]
Gold:   2157       SH:  0    Dex: 12    Spells: 15/15 levels left

rFire    + . .     SeeInvis .   J - +7 Screaming Sword {vorpal, sonic wave}
rCold    + . .     Gourm    .   (no shield)
rNeg     . . .     Faith    .   O - +4 crystal plate armour
rPois    +         Spirit   .   (helmet restricted)
rElec    +         Reflect  .   q - scarf {rC+ rF+}
rCorr    .         Harm     .   f - +0 pair of gloves
MR       ++...                  K - +1 pair of boots
Stlth    ..........             C - amulet of regeneration
HPRegen  0.76/turn              Q - ring of protection from magic
MPRegen  0.15/turn              P - ring of Qeygewky {rElec rPois Stlth-}

@: about to teleport, barbed spikes, mesmerised, heavily drained, very slow
A: retaliatory headbutt, horns 2
a: Berserk, Trog's Hand, Brothers in Arms, Renounce Religion


You were on level 4 of the Shoals.
You worshipped Trog.
Trog was extremely pleased with you.
You were not hungry.

You visited 4 branches of the dungeon, and saw 24 of its levels.

You collected 2319 gold pieces.
You spent 162 gold pieces at shops.

Inventory:

Hand Weapons
 B - a +1 falchion of flaming
 J - the +7 Screaming Sword (weapon) {vorpal, sonic wave}
   (Trog gifted it to you on level 2 of the Orcish Mines)

   It inflicts extra damage upon your enemies.
 N - a +4 hunting sling
 V - a +2 long sword of holy wrath
Missiles
 t - 113 sling bullets
Armour
 f - a +0 pair of gloves (worn)
 q - a scarf of resistance (worn)
 K - a +1 pair of boots (worn)
 O - a +4 crystal plate armour (worn)
 S - the +10 tower shield of Ignorance {rN+ Int-4}
   (You found it on level 2 of the Orcish Mines)

   It affects your intelligence (-4).
   It protects you from negative energy.
 W - +0 ice dragon scales
 X - the +2 shield of Resistance {rF+ rC+ MR+}
   (You found it on level 11 of the Dungeon)

   It protects you from fire.
   It protects you from cold.
   It affects your resistance to hostile enchantments.
Jewellery
 e - an uncursed ring of resist corrosion
 g - an uncursed ring of protection from fire
 C - an amulet of regeneration (around neck)
 P - the ring of Qeygewky (right hand) {rElec rPois Stlth-}
   (You found it on level 6 of the Lair of Beasts)

   [ring of attention]

   It insulates you from electricity.
   It protects you from poison.
   It makes you less stealthy.
 Q - a ring of protection from magic (left hand)
Wands
 s - a wand of flame (17)
 w - a wand of iceblast (13)
 A - a wand of clouds (14)
 M - a wand of digging (8)
 T - a wand of enslavement (20)
 Z - a wand of acid (10)
Scrolls
 a - 2 scrolls of silence
 b - 4 scrolls of blinking
 h - 5 scrolls of fear
 j - 5 scrolls of remove curse
 l - 3 scrolls of fog
 r - 12 scrolls of teleportation
 x - 7 scrolls of identify
 F - 6 scrolls of magic mapping
 L - 6 scrolls of enchant weapon
Potions
 d - 12 potions of curing
 i - a potion of heal wounds
 k - a potion of invisibility {unknown}
 m - 3 potions of ambrosia
 n - 2 potions of mutation
 o - a potion of lignification
 u - a potion of haste
 z - a potion of flight
 D - a potion of stabbing
 H - 3 potions of might
 I - 2 potions of cancellation
Miscellaneous
 p - 2 boxes of beasts
 E - 2 phantom mirrors
 Y - a phial of floods
Comestibles
 c - 25 rations


   Skills:
 + Level 18.5(15.0) Fighting
 - Level 16.1(12.8) Long Blades
 + Level 0.7(0.0) Slings
 + Level 18.9(15.4) Armour
 + Level 7.1(4.4) Dodging
 * Level 14.1(10.9) Shields
 + Level 2.7(0.3) Evocations


You had 15 spell levels left.
You didn't know any spells.
Your spell library was empty.

Dungeon Overview and Level Annotations

Branches:
Dungeon (12/15)            Temple (0/1) D:6            Lair (6/6) D:9
 Shoals (4/4) Lair:2       Spider (0/4) Lair:2        Slime (0/5) Lair:5
    Orc (2/2) D:12            Elf (0/3) Orc:2

Altars:
Ashenzari
Dithmenos
Fedhas
Gozag
Makhleb
Ru
Sif Muna
Trog
Uskayaw
Vehumet
Yredelemnul
Zin
The Shining One
Beogh

Shops:
D:8 (*   D:9 ?   Orc:2 ((*((

Annotations:
D:9 1 runed translucent door
D:10 2 runed translucent doors, Faydane's ghost, journeyman HuWz
D:11 1 runed translucent door
Lair:3 1 runed translucent door, Dikli's ghost, journeyman MiBe
Shoals:4 Ilsuiw


Innate Abilities, Weirdness & Mutations

You reflexively headbutt those who attack you in melee.
You have a pair of horns on your head.


Message History

The merfolk javelineer throws a silver javelin.
The silver javelin pierces through you but does no damage.
* * * LOW HITPOINT WARNING * * *
The silver javelin pierces through the merfolk javelineer!
You hear a splash.
The sea snake bites you but does no damage.
The manticore flicks its tail.
The volley of spikes hits you!
The barbed spikes become lodged in your body.
* * * LOW HITPOINT WARNING * * *
The merfolk avatar chants its luring song.
Your iron troll bites the merfolk javelineer!
Your iron troll barely misses the merfolk javelineer.
Your iron troll claws the merfolk javelineer!
The merfolk impaler hits you but does no damage.
You feel drained.
The merfolk impaler hits you but does no damage.
A merfolk impaler comes into view. It is wielding a +3 trident of venom.
The merfolk hits you from afar with a +0 glaive.
You die...

.≈≈≈≈≈≈≈≈≈≈≈≈≈≈≈.......
.≈≈≈≈≈≈≈≈≈≈≈≈≈≈..((...≈
.≈≈≈≈≈≈≈≈≈≈≈≈........#
≈≈≈≈≈≈≈≈≈≈≈≈........#
≈≈≈≈≈≈≈≈≈≈≈≈≈)......#
≈≈≈≈≈≈≈≈≈≈≈H(.....≈≈≈
.≈≈≈≈≈≈≈≈≈≈)≈...≈≈≈≈≈
.≈≈≈≈≈≈m≈m≈(.......≈#
.≈≈≈≈m≈@SmT.........≈
.m≈≈≈mE≈Sm..(.......≈
..m≈≈≈mmm≈.(........≈
..≈≈≈≈≈HE{.(........
.m≈≈≈≈≈≈≈.....(....[
.≈≈≈≈.(.(..........≈
≈≈≈≈≈#≈#≈.........≈≈
≈≈≈≈#≈≈≈#≈.....≈≈≈
≈≈#≈≈≈≈≈#..≈≈≈≈≈≈


You could see a merfolk avatar (mesmerising), 4 merfolk impalers, 2 merfolk
javelineers, 2 sea snakes, 4 merfolk, 2 manticores, 2 water elementals, a
merfolk siren and a friendly iron troll (summoned, berserk).

Vanquished Creatures
  Polyphemus (Shoals:2)
  2 entropy weavers (Lair:4)
  Snorg (D:10)
  2 merfolk javelineers
  2 fire dragons (D:11)
  A merfolk impaler (Shoals:3)
  Erolcha (Orc:1)
  2 ice dragons (D:11)
  3 hydras
  5 catoblepae
  4 merfolk avatars
  2 alligator snapping turtles (Shoals:2)
  2 two-headed ogres
  A queen ant (Lair:4)
  4 merfolk aquamancers
  3 satyrs
  13 death yaks
  Nergalle (D:11)
  Sonja (Lair:4)
  3 sea snakes
  3 unseen horrors
  4 orange crystal statues (Orc:2)
  3 harpies (Shoals:2)
  8 orc sorcerers (Orc:2)
  7 manticores
  2 cyclopes
  5 fauns
  6 oklob plants
  17 elephants
  5 merfolk sirens
  2 black mambas
  10 spiny frogs
  4 water nymphs
  Maurice (D:8)
  A gargoyle (D:12)
  A kobold demonologist (D:11)
  A komodo dragon (Lair:3)
  A troll (Orc:2)
  3 meliai (Shoals:2)
  21 merfolk
  2 wind drakes (Shoals:1)
  8 slime creatures
  2 hornets
  23 blink frogs
  12 hippogriffs
  7 snapping turtles
  2 redbacks (Lair:2)
  74 yaks
  4 wraiths
  A wyvern (Lair:6)
  A basilisk (D:8)
  A hungry ghost (D:11)
  10 water elementals
  Grum (D:8)
  9 wargs
  5 soldier ants (Lair:4)
  15 porcupines
  17 water moccasins
  17 orc warriors
  2 eyes of draining
  3 ice beasts
  4 black bears
  10 ogres
  2 necrophages
  3 phantoms
  18 wolves
  16 crocodiles
  7 centaurs
  2 big kobolds
  18 bullfrogs
  A wyvern skeleton (D:11)
  4 scorpions
  14 killer bees
  3 wights (D:10)
  7 howler monkeys
  2 electric eels
  2 centaur zombies
  3 crimson imps
  A quasit (D:6)
  2 jellies
  7 hounds
  Crazy Yiuf (D:5)
  3 bullfrog skeletons
  4 centaur skeletons
  11 orc priests
  An iguana (D:6)
  37 orc wizards
  12 worker ants
  Natasha (D:4)
  4 hell rats (Lair:4)
  A killer bee zombie (D:10)
  4 hound skeletons
  2 worker ant zombies
  7 gnolls
  6 adders
  2 shadow imps
  An ooze (D:6)
  An adder zombie (D:5)
  An adder skeleton (D:5)
  3 worms (D:3)
  A dart slug (D:4)
  5 leopard geckos
  109 orcs
  6 bats
  6 giant cockroaches
  9 goblins
  5 hobgoblins
  2 jackals (D:4)
  A quokka (D:5)
  A ball python skeleton (D:4)
  8 frilled lizards
  A goblin skeleton (D:4)
  2 goblin zombies (D:4)
  4 hobgoblin zombies (D:4)
  17 kobolds
  A kobold zombie (D:4)
  A leopard gecko zombie (D:5)
  3 quokka skeletons
  4 rats (D:1)
  5 bushes
  2 fungi (D:10)
  24 plants
820 creatures vanquished.

Vanquished Creatures (collateral kills)
  A minotaur (Shoals:2)
  A manticore (Shoals:2)
  A merfolk (Shoals:2)
  A wind drake (Shoals:4)
  A water elemental (Shoals:3)
5 creatures vanquished.

Vanquished Creatures (others)
  Erica (D:11)
  An orc (Orc:2)
  3 fungi
  38 plants
  11 toadstools (D:10)
54 creatures vanquished.

Grand Total: 879 creatures vanquished

Notes
Turn   | Place    | Note
-------+----------+-------------------------------------------
     0 | D:1      | Almogavar the Minotaur Berserker began the quest for the
                  | Orb.
     0 | D:1      | Reached XP level 1. HP: 19/19 MP: 0/0
   282 | D:1      | Reached XP level 2. HP: 20/27 MP: 1/1
   904 | D:2      | Found an opulent altar of Gozag.
   948 | D:2      | Reached XP level 3. HP: 31/33 MP: 2/2
  1050 | D:2      | Found a basalt altar of Yredelemnul.
  1099 | D:2      | Found a faded altar of an unknown god.
  1112 | D:2      | Reached ** piety under Trog
  1330 | D:3      | Reached skill level 5 in Long Blades
  1331 | D:3      | Reached XP level 4. HP: 41/41 MP: 3/3
  2223 | D:4      | Reached XP level 5. HP: 46/47 MP: 4/4
  2333 | D:4      | Found a glowing golden altar of the Shining One.
  2413 | D:4      | Noticed a phantom
  2437 | D:4      | Killed a phantom
  2437 | D:4      | Reached skill level 5 in Fighting
  2437 | D:4      | Reached XP level 6. HP: 46/56 MP: 5/5
  2513 | D:4      | Reached *** piety under Trog
  2783 | D:4      | Noticed Natasha
  2787 | D:4      | Killed Natasha
  3198 | D:5      | Entered Level 5 of the Dungeon
  3284 | D:5      | Reached XP level 7. HP: 61/61 MP: 6/6
  3302 | D:5      | Reached skill level 5 in Armour
  3424 | D:5      | Found an opulent altar of Gozag.
  3611 | D:5      | Found a runed translucent door.
  3612 | D:5      | Noticed Crazy Yiuf
  3626 | D:5      | Found a radiant altar of Vehumet.
  3968 | D:5      | Paralysed by Crazy Yiuf for 2 turns
  3973 | D:5      | Killed Crazy Yiuf
  4095 | D:6      | HP: 2/62 [centaur (4)]
  4099 | D:6      | Reached XP level 8. HP: 27/70 MP: 7/7
  4444 | D:6      | Found a staircase to the Ecumenical Temple.
  5400 | D:7      | Found a sacrificial altar of Ru.
  5818 | D:7      | Reached **** piety under Trog
  5884 | D:7      | Reached skill level 5 in Dodging
  6731 | D:8      | Reached XP level 9. HP: 77/79 MP: 8/8
  6748 | D:8      | Reached skill level 10 in Long Blades
  6753 | D:8      | Noticed a two-headed ogre
  6765 | D:8      | Killed a two-headed ogre
  6872 | D:8      | Found Roamet's Antique Weapon Boutique.
  6943 | D:8      | Noticed Grum
  6963 | D:8      | Killed Grum
  7046 | D:8      | Found a shattered altar of Ashenzari.
  7472 | D:8      | Noticed Maurice
  7488 | D:8      | Killed Maurice
  7488 | D:8      | Reached XP level 10. HP: 90/90 MP: 9/9
  7559 | D:8      | Found Nickan's Assorted Antiques.
  7875 | D:9      | Found a glowing silver altar of Zin.
  7876 | D:9      | Found a runed translucent door.
  7876 | D:9      | Noticed an angel
  7927 | D:9      | Reached skill level 10 in Armour
  8082 | D:9      | Found Pavatwul's Magic Scroll Boutique.
  8089 | D:9      | Bought a scroll of blinking for 82 gold pieces
  8089 | D:9      | Bought a scroll of magic mapping for 38 gold pieces
  8408 | D:9      | Found a staircase to the Lair.
  8455 | D:9      | Found a shadowy altar of Dithmenos.
  8562 | D:9      | Reached ***** piety under Trog
  8623 | D:9      | Found a bloodstained altar of Trog.
  8922 | D:9      | Found a shimmering blue altar of Sif Muna.
  8922 | D:9      | Found a burning altar of Makhleb.
  9114 | D:10     | Entered Level 10 of the Dungeon
  9131 | D:10     | Found a large runed translucent door.
  9131 | D:10     | Found a large runed translucent door.
  9132 | D:10     | Got a crystal flail
  9238 | D:10     | Reached XP level 11. HP: 55/98 MP: 10/10
  9605 | Lair:1   | Entered Level 1 of the Lair of Beasts
  9646 | Lair:1   | Reached skill level 10 in Fighting
 10311 | Lair:1   | Received a gift from Trog
 10993 | Lair:2   | Got a crude trident
 10994 | Lair:2   | Identified the +4 trident of Inference {chaos, Int+5} (You
                  | found it on level 2 of the Lair of Beasts)
 10995 | Lair:2   | Identified the +4 flail of the Special Leylines {chaos,
                  | Int+3} (You found it on level 10 of the Dungeon)
 11129 | Lair:2   | Found a hole to the Spider Nest.
 11407 | Lair:2   | Found a staircase to the Shoals.
 11735 | Lair:2   | Reached XP level 12. HP: 106/110 MP: 11/11
 12366 | Lair:3   | Found a runed translucent door.
 12375 | Lair:3   | Noticed Dikli's ghost (journeyman MiBe)
 12658 | Lair:3   | Paralysed by a hornet for 1 turns
 12721 | Lair:3   | Noticed a six-headed hydra
 12727 | Lair:3   | Killed a two-headed hydra
 12727 | Lair:3   | Reached skill level 15 in Long Blades
 12838 | Lair:3   | Noticed a six-headed hydra
 12847 | Lair:3   | Killed a two-headed hydra
 13162 | Lair:4   | Noticed a catoblepas
 13172 | Lair:4   | Killed a catoblepas
 13251 | Lair:4   | You fall into a shaft and drop 1 floor!
 13413 | Lair:4   | Noticed Sonja
 13417 | Lair:4   | Killed Sonja
 14129 | Lair:4   | Noticed an entropy weaver
 14129 | Lair:4   | Noticed an entropy weaver
 14129 | Lair:4   | Noticed a queen ant
 14138 | Lair:4   | Killed a queen ant
 14146 | Lair:4   | Killed an entropy weaver
 14150 | Lair:4   | Killed an entropy weaver
 14635 | Lair:5   | Reached XP level 13. HP: 119/119 MP: 12/12
 14712 | Lair:5   | Found a staircase to the Slime Pits.
 15221 | Lair:5   | Reached skill level 1 in Shields
 15455 | Lair:6   | Entered Level 6 of the Lair of Beasts
 15677 | Lair:6   | Reached skill level 15 in Armour
 15701 | Lair:6   | Reached skill level 5 in Shields
 16084 | Lair:6   | Got a slimy pewter ring
 16086 | Lair:6   | Identified the ring of Qeygewky {rElec rPois Stlth-} (You
                  | found it on level 6 of the Lair of Beasts)
 16510 | Lair:6   | Reached XP level 14. HP: 104/133 MP: 13/13
 16583 | Lair:6   | Received a gift from Trog
 16611 | Lair:6   | Reached skill level 15 in Fighting
 17397 | D:10     | Noticed Snorg
 17412 | D:10     | Killed Snorg
 17519 | D:10     | Noticed Faydane's ghost (journeyman HuWz)
 17661 | D:10     | Found a blossoming altar of Fedhas.
 18392 | D:11     | Found a runed translucent door.
 18393 | D:11     | Found the +2 shield of Resistance {rF+ rC+ MR+}
 18583 | D:11     | Noticed Erica
 18593 | D:11     | Killed Erica
 18707 | D:11     | Reached skill level 10 in Shields
 18798 | D:11     | Received a gift from Trog
 18803 | D:11     | Noticed Nergalle
 18817 | D:11     | Killed Nergalle
 18935 | D:11     | Found a runed translucent door.
 20221 | D:12     | Received a gift from Trog
 20819 | D:12     | Found a staircase to the Orcish Mines.
 20978 | Orc:1    | Entered Level 1 of the Orcish Mines
 21155 | Orc:1    | Noticed Erolcha
 21174 | Orc:1    | Killed Erolcha
 21535 | Orc:2    | Entered Level 2 of the Orcish Mines
 21550 | Orc:2    | Found a staircase to the Elven Halls.
 21634 | Orc:2    | Received a gift from Trog
 21635 | Orc:2    | Found the +7 Singing Sword {vorpal, sonic wave}
 21659 | Orc:2    | Found Igecyo's Weapon Shoppe.
 21799 | Orc:2    | Found a runed translucent door.
 21835 | Orc:2    | Found the +10 tower shield of Ignorance {rN+ Int-4}
 21864 | Orc:2    | Reached ****** piety under Trog
 21950 | Orc:2    | Found a runed translucent door.
 21985 | Orc:2    | Reached XP level 15. HP: 145/145 MP: 0/14
 22230 | Orc:2    | Found Buodog's Weapon Boutique.
 22230 | Orc:2    | Found Viucw's General Store.
 22241 | Orc:2    | Found a roughly hewn altar of Beogh.
 22369 | Orc:2    | Received a gift from Trog
 22404 | Orc:2    | Found Fiyhugos's Weapon Boutique.
 22404 | Orc:2    | Found Wiblem's Antique Weapon Shoppe.
 22486 | Orc:2    | Bought a potion of flight for 42 gold pieces
 22935 | Shoals:1 | Entered Level 1 of the Shoals
 23910 | Shoals:2 | Found a hide-covered altar of Uskayaw.
 23921 | Shoals:2 | Reached skill level 1 in Evocations
 24480 | Shoals:2 | Noticed Polyphemus
 24508 | Shoals:2 | Killed Polyphemus
 24516 | Shoals:2 | Received a gift from Trog
 25099 | Shoals:3 | Reached XP level 16. HP: 81/159 MP: 13/16
 25782 | Shoals:4 | Entered Level 4 of the Shoals
 25828 | Shoals:4 | Noticed Ilsuiw
 25835 | Shoals:4 | HP: 1/159 [manticore/volley of spikes (8)]
 25835 | Shoals:4 | Slain by a merfolk

Illustrated notes

Levels and vault maps discovered:
D:1:      psy_arrival_spokes, layout_loops_ring
D:2:      layout_rooms, nicolae_gozag_seed_capital, lemuel_round_altar,
          chequers_ecumenical_altar_island
D:3:      layout_loops_ring, first_ration, wander_ebering_terrifying_dragon_lair
D:4:      layout_cave_pods, nicolae_tso_besieged_by_evil, uniq_natasha
D:5:      layout_loops_ring, vehumet_altar_wand_db, basic_altar,
          minmay_starry_boxes, uniq_crazy_yiuf_cottage
D:6:      layout_loops_corners, minmay_temple_entry_mist
D:7:      layout_basic, nicolae_ru_path_of_blood
D:8:      layout_basic, evilmike_ruin_ashenzari, serial_shops, shop_fountains,
          nicolae_shop_overgrown_old_shop, uniq_maurice, uniq_grum
D:9:      layout_loops_corners, lemuel_doored_altar, lemuel_round_altar,
          chequers_temple_overflow_statue_of_worship, minmay_lair_entry_grove,
          serial_shops, nicolae_shop_trees, hangedman_fish_farm,
          kb_lookout_dungeons_type, lemuel_angel_altar
D:10:     layout_big_octagon, ebering_ghost_disaster_area, tgw_fedhas,
          uniq_snorg
D:11:     layout_loops_ring, minmay_guarded_unrand_resistance, uniq_nergalle,
          uniq_erica
D:12:     layout_layer_cave, hiddenorc1_lemuel
Lair:1:   layout_loops_ring
Lair:2:   layout_gridlike, minmay_shoals_entry_hut, spider_nest_entry_webs,
          beast_lair_carwin_7
Lair:3:   cheibrodos_lair_overgrown_chateau, layout_chaotic_city,
          ebering_ghost_reflecting_pool
Lair:4:   layout_loops_ring, wad_woods_antlair, infiniplex_staircase_pool,
          uniq_sonja
Lair:5:   minmay_lair_oklob_tunnel, layout_regular_city, slime_dummy,
          serial_bayou_shore_b
Lair:6:   evilmike_catoblepas_cave, layout_cave_pods, st_stairs_6
Shoals:1: layout_shoals
Shoals:2: layout_shoals, regret_index_shoals_crete, uniq_polyphemus
Shoals:3: layout_shoals
Shoals:4: shoals_end_grunt_ice, layout_shoals, shoal_ilsuiw, minmay_shop_mass
Orc:1:    layout_caves, uniq_erolcha
Orc:2:    st_orc_town, layout_caves, serial_shops, nicolae_shop_waterfront,
          chequers_guarded_unrand_ignorance

Skill      XL: |  1  2  3  4  5  6  7  8  9 10 11 12 13 14 15 |
---------------+----------------------------------------------+-----
Long Blades    | 4 5 6 7 8 9 11 13 14 15 16 | 16.1
Fighting       | 4 5 6 7 8 9 11 12 14 16 18 | 18.5
Armour         | 3 4 5 7 9 10 13 14 15 17 18 | 18.9
Dodging        | 3 4 5 6 7 |  7.1
Shields        | 8 11 14 | 14.1
Evocations     | 2 |  2.7
Slings         | |  0.7

Action                   |  1- 3 |  4- 6 |  7- 9 | 10-12 | 13-15 | 16-18 || total
-------------------------+-------+-------+-------+-------+-------+-------++-------
Melee: Falchion          |    60 |   129 |   290 |   460 |     5 |       ||   944
       Headbutt          |    10 |    25 |    69 |   155 |   281 |     6 ||   546
       Double sword      |       |       |       |   211 |  1142 |    30 ||  1383
 Fire: Hunting sling     |       |       |       |       |       |     9 ||     9
Invok: Berserk           |     1 |     1 |     6 |     6 |     1 |       ||    15
       Trog's Hand       |       |       |     1 |     2 |     2 |     1 ||     6
       Brothers in Arms  |       |       |       |       |     2 |     1 ||     3
Evoke: Wand              |       |       |       |       |    23 |     3 ||    26
       Phial of floods   |       |       |       |       |     1 |       ||     1
  Use: Scroll            |     4 |     4 |     3 |    11 |     8 |     1 ||    31
       Potion            |       |       |     1 |     1 |     3 |     3 ||     8
  Eat: Chunk             |     1 |     7 |    16 |    24 |    33 |       ||    81
       Ration            |       |       |     1 |     2 |     2 |     1 ||     6
Armor: Animal skin       |     4 |       |       |       |       |       ||     4
       Ring mail         |    17 |    31 |    26 |       |       |       ||    74
       Chain mail        |       |       |    62 |   319 |       |       ||   381
       Scale mail        |       |       |    19 |       |       |       ||    19
       Crystal plate arm |       |       |       |     8 |   968 |    59 ||  1035
Dodge: Dodged            |    45 |    75 |   175 |   286 |   434 |    24 ||  1039
       Rpst.: Falchion   |    11 |    21 |    40 |    38 |       |       ||   110
       Double sword      |       |       |       |    22 |   101 |     3 ||   126
